 Dungeon Crawl Stone Soup version 0.25.1-2-g60ff931df9 (webtiles) character file.

Game seed: 1237740359636940247

1249 Delamore the Basher (level 8, -1/34 HPs)
             Began as a Gargoyle Fighter on Oct 14, 2020.
             Was a Believer of Okawaru.
             Slain by a large abomination (9 damage)
             ... on level 1 of the Abyss.
             The game lasted 00:05:03 (5333 turns).

Delamore the Basher (Gargoyle Fighter)              Turns: 5333, Time: 00:05:03

Health: -1/34      AC: 12    Str: 17      XL:     8   Next: 50%
Magic:  5/5        EV:  7    Int:  6      God:    Okawaru [**....]
Gold:   315        SH:  8    Dex:  4 (5)  Spells: 7/7 levels left

rFire    + . .     SeeInvis .   F - +0 whip (freeze)
rCold    . . .     Gourm    .   c - +0 kite shield
rNeg     + . .     Faith    .   i - +2 scale mail {MR+}
rPois    ∞         Spirit   .   (no helmet)
rElec    +         Reflect  .   (no cloak)
rCorr    .         Harm     .   k - +0 pair of gloves
MR       +....     Rnd*Rage +   (no boots) Stlth ..........Rnd*Tele +
                                (no amulet)
HPRegen  0.00/turn              s - ring of protection from fire
MPRegen  0.09/turn              y - +4 ring of slaying

@: berserk cooldown, slowed, very slow
A: [berserk 3], [blurry vision 3], [clumsy 2], [deformed body], [deterioration
2], [dopey 2], [frail 3], [low mp 3], negative energy resistance 1, [screaming
3], electricity resistance, [inhibited regeneration], [teleportitis 2], [weak
2], unbreathing, petrification resistance, [no potion heal 3], rot immunity, AC
+5
a: Heroism, Renounce Religion


You were on level 1 of the Abyss.
You worshipped Okawaru.
Okawaru was pleased with you.
You were hungry.

You visited 2 branches of the dungeon, and saw 7 of its levels.
You visited the Abyss 1 time.

You collected 315 gold pieces.

Inventory:

Hand Weapons
 a - a +0 flail
 F - a +0 whip of freezing (weapon)
Armour
 b - a +0 scale mail
 c - a +0 kite shield (worn)
 i - a +2 scale mail of magic resistance (worn)
 k - a +0 pair of gloves (worn)
Jewellery
 n - a +4 ring of evasion
 s - a ring of protection from fire (left hand)
 y - a +4 ring of slaying (right hand)
Wands
 m - a wand of clouds (4)
 C - a wand of iceblast (12)
Scrolls
 e - 2 scrolls of fear
 g - a scroll of immolation
 h - 2 scrolls of blinking {unknown}
 o - 4 scrolls of remove curse {unknown}
 q - a scroll of amnesia {unknown}
 r - 5 scrolls of teleportation {unknown}
 u - 2 scrolls of enchant weapon
 v - a scroll of random uselessness
 w - 2 scrolls of magic mapping
 x - 3 scrolls of fog
 B - a scroll of enchant armour {unknown}
Potions
 d - 5 potions of might
 j - a potion of lignification
 l - 5 potions of curing
 p - a potion of flight {unknown}
 t - a potion of resistance {unknown}
 z - a potion of brilliance {unknown}
 A - a potion of mutation {unknown}
Comestibles
 f - 14 rations


   Skills:
 - Level 5.0 Fighting
 + Level 9.0 Maces & Flails
 - Level 3.2 Armour
 - Level 5.0 Shields


You had 7 spell levels left.
You didn't know any spells.
Your spell library was empty.

Dungeon Overview and Level Annotations

Branches:
Dungeon (6/15)             Temple (1/1) D:5

Altars:
Ashenzari
Cheibriados
Dithmenos
Elyvilon
Fedhas
Gozag
Hepliaklqana
Makhleb
Nemelex Xobeh
Okawaru
Ru
Sif Muna
Trog
Uskayaw
Vehumet
Wu Jian
Yredelemnul
The Shining One

Annotations:
D:6 Maggie


Innate Abilities, Weirdness & Mutations

You are resistant to torment.
Your stone body is resilient. (AC +5)
You are immune to poison.
You resist negative energy. (rN+)
You are resistant to electric shocks. (rElec)
You can survive without breathing.
You are immune to petrification.
You are immune to rotting.
[You have an uncontrollable temper.]
[Scrolls take you much longer to read.]
[You are very clumsy. (Dex -4)]
[Armour fits poorly on your strangely shaped body.]
[Your body often deteriorates upon taking damage.]
[You are very dopey. (Int -4)]
[You are extremely frail. (-30% HP)]
[Your magical capacity is extremely low. (-30% MP)]
[You frequently scream uncontrollably at your foes.]
[You do not regenerate when monsters are visible.]
[You are sometimes teleported next to monsters.]
[You are very weak. (Str -4)]
[Potions cannot restore your health.]


Message History

The wretched star pulses with an eldritch light!
You feel stupid. x2
You block the fire bat's attack.
The fire bat bites you but does no damage.
You block the fire bat's attack. The fire bat bites you.
You are engulfed in flames.
You resist.
* * * LOW HITPOINT WARNING * * *
The wretched star pulses with an eldritch light!
You feel extremely angry at everything! The fire bat barely misses you.
The wretched star pulses with an eldritch light!
Your system completely rejects the healing effects of potions.
The fire bat bites you but does no damage.
A spatial vortex comes into view. x2
You scream at the spatial vortex!
The spatial vortex moves out of view.
A wretched star comes into view.
You scream at the wretched star!
The wretched star glows turbulently.
The lance of force misses you. The large abomination hits you!
You die...

.#..#...#..#.*X#....
. ##.##..####..b###
#X..###..##..#.##..#
...# #.R......#.###
..#..#..##...#.##.#
#
#......#....#.#*.##
.# ....# ...#
#...##..# ####..# .#
#..#X.# . #.. ##
#...#@.## . . ....
#..#..#.# . ...##
.......### .##
....#.. #...#
#...##. .. ##. *# #
. . # #


You could see 2 wretched stars and a large abomination.

Vanquished Creatures
  Pikel (D:6)
  A fire elemental (Abyss:1)
  A water moccasin (D:5)
  A centaur (D:5)
  A hound (D:4)
  2 jellies (D:5)
  A bullfrog skeleton (D:2)
  2 iguanas
  3 worker ants
  4 gnolls (D:5)
  5 adders
  4 oozes
  An adder zombie (D:5)
  3 worms
  A dart slug (D:5)
  6 leopard geckos
  13 orcs
  3 ball pythons
  6 giant cockroaches
  7 goblins
  9 hobgoblins
  13 jackals
  7 kobolds
  A quokka (D:3)
  4 bats
  6 frilled lizards
  9 rats
115 creatures vanquished.

Vanquished Creatures (others)
  A slave (D:6)
  2 bullfrogs (D:6)
  A hound (D:6)
4 creatures vanquished.

Grand Total: 119 creatures vanquished

Notes
Turn   | Place    | Note
-------+----------+-------------------------------------------
     0 | D:1      | Delamore the Gargoyle Fighter began the quest for the Orb.
     0 | D:1      | Reached XP level 1. HP: 14/14 MP: 1/1
   160 | D:1      | Found a snail-covered altar of Cheibriados.
   282 | D:1      | Reached XP level 2. HP: 19/19 MP: 2/2
   950 | D:2      | Reached XP level 3. HP: 23/24 MP: 3/3
   978 | D:2      | Reached XP level 4. HP: 18/29 MP: 4/4
  1195 | D:2      | Reached skill level 3 in Maces & Flails
  1575 | D:2      | Found a radiant altar of Vehumet.
  1973 | D:2      | Found a sacrificial altar of Ru.
  1976 | D:2      | Found a glowing golden altar of the Shining One.
  2179 | D:3      | Reached XP level 5. HP: 32/34 MP: 5/5
  3039 | D:4      | Reached XP level 6. HP: 28/40 MP: 6/6
  3206 | D:4      | Found a burning altar of Makhleb.
  3214 | D:4      | Reached skill level 5 in Fighting
  3214 | D:4      | Reached skill level 4 in Maces & Flails
  3214 | D:4      | Reached skill level 5 in Shields
  3542 | D:5      | Entered Level 5 of the Dungeon
  3803 | D:5      | Reached skill level 5 in Maces & Flails
  3808 | D:5      | Found a staircase to the Ecumenical Temple.
  3828 | Temple   | Entered the Ecumenical Temple
  3901 | Temple   | Became a worshipper of Warmaster Okawaru
  4177 | D:5      | Noticed a water moccasin
  4187 | D:5      | Reached XP level 7. HP: 33/44 MP: 7/7
  4198 | D:5      | Reached skill level 6 in Maces & Flails
  4720 | D:5      | Found a sparkling altar of Nemelex Xobeh.
  5004 | D:6      | Noticed Pikel
  5027 | D:6      | Killed Pikel
  5027 | D:6      | Reached * piety under Okawaru
  5027 | D:6      | Reached ** piety under Okawaru
  5027 | D:6      | Reached skill level 8 in Maces & Flails
  5027 | D:6      | Reached XP level 8. HP: 23/49 MP: 8/8
  5193 | D:6      | Noticed Maggie
  5213 | D:6      | Cast into level 1 of the Abyss (Maggie)
  5251 | Abyss:1  | Reached skill level 9 in Maces & Flails
  5265 | Abyss:1  | Noticed a wretched star
  5267 | Abyss:1  | Noticed a large abomination
  5280 | Abyss:1  | Noticed a large abomination
  5321 | Abyss:1  | Noticed a rakshasa
  5333 | Abyss:1  | Noticed a wretched star
  5333 | Abyss:1  | Slain by a large abomination

Illustrated notes

Levels and vault maps discovered:
D:1:      erik_arrival_cave_to_civilisation [erik_arrival_cave_to_hall],
          layout_basic, cheibriados_altar_1
D:2:      layout_basic, gammafunk_temple_overflow_statue, lemuel_doored_altar,
          minmay_box_of_dots
D:3:      minmay_bubble_buster, layout_basic, first_ration,
          kennysheep_generic_room_13
D:4:      layout_cave_pools, bloody_makhleb
D:5:      layout_basic, nemelex_altar_shiori,
          minmay_temple_entry_enclosed_plants
D:6:      hangedman_cross_stitches, layout_rooms, basic_altar, uniq_maggie,
          uniq_prince_ribbit1, uniq_pikel
Temple:   eino_temple_lava
Abyss:1:  base: D:1, bh_silent_lugonu_exit

Skill      XL: |  1  2  3  4  5  6  7  8 |
---------------+-------------------------+-----
Fighting       | 4 5 |  5.0
Shields        | 4 5 |  5.0
Maces & Flails | 3 5 8 9 |  9.0
Armour         | |  3.2

Action                   |  1- 3 |  4- 6 |  7- 9 || total
-------------------------+-------+-------+-------++-------
Melee: Flail             |    62 |   345 |    60 ||   467
       Whip              |       |       |    25 ||    25
Evoke: Wand              |       |       |     2 ||     2
  Use: Scroll            |       |     6 |     1 ||     7
       Potion            |       |       |     1 ||     1
  Eat: Chunk             |       |    11 |     3 ||    14
Armor: Scale mail        |    37 |   203 |    76 ||   316
Dodge: Dodged            |    14 |   103 |    43 ||   160
Block: Kite shield       |    28 |   171 |    63 ||   262
